 Dungeon Crawl Stone Soup version 0.24-a0-474-g47c397e050 (webtiles) character file.

Game seed: 4469071368922029305

24 Mithandil the Conjurer (level 2, -7/15 HPs)
             Began as a Deep Elf Conjurer on July 5, 2019.
             Killed by divine providence
             ... invoked by an orc priest
              (13 damage)
             ... on level 4 of the Dungeon.
             The game lasted 00:09:44 (1055 turns).

Mithandil the Conjurer (Deep Elf Conjurer)          Turns: 1055, Time: 00:09:44

Health: -7/15      AC:  3    Str:  5    XL:     2   Next: 79%
Magic:  8/8        EV: 13    Int: 19    God:
Gold:   63         SH:  0    Dex: 15    Spells: 5/8 levels left

rFire    . . .     SeeInvis .   a - +0 dagger
rCold    . . .     Gourm    .   (no shield)
rNeg     . . .     Faith    +   d - +1 robe
rPois    .         Spirit   .   (no helmet)
rElec    .         Reflect  .   (no cloak)
rCorr    .         Harm     .   (no gloves)
MR       .....                  (no boots)
Stlth    ++........             g - amulet of faith
HPRegen  0.05/turn              (no ring)
MPRegen  0.11/turn              (no ring)

@: no status effects
A: no striking features
a: no special abilities


You were on level 4 of the Dungeon.
You were not hungry.

You visited 1 branch of the dungeon, and saw 4 of its levels.

You collected 63 gold pieces.

Inventory:

Hand Weapons
 a - a +0 dagger (weapon)
 b - a +2 short sword of speed
Missiles
 f - 59 stones (quivered)
 l - 25 arrows
Armour
 d - a +1 robe (worn)
 m - a scarf of repulsion
 o - a +0 pair of gloves
Jewellery
 g - an amulet of faith (around neck)
 j - a +1 ring of evasion {unknown}
Scrolls
 e - a scroll of teleportation
 i - 2 scrolls of identify
 n - a scroll of noise {unknown}
Potions
 h - a potion of brilliance
 k - a potion of curing {unknown}
Comestibles
 c - 6 rations


   Skills:
 + Level 0.4 Short Blades
 + Level 2.6 Dodging
 + Level 2.7 Stealth
 * Level 3.6 Spellcasting
 * Level 4.7 Conjurations


You had 5 spell levels left.
You knew the following spells:

 Your Spells              Type           Power        Failure   Level  Hunger
a - Magic Dart            Conj           ###.         1%          1    None
b - Searing Ray           Conj           ###...       3%          2    ##.....

Your spell library contained the following spells:

 Spells                   Type           Power        Failure   Level  Hunger
 Dazzling Spray           Conj/Hex       ##....       16%         3    ###....
 Iskenderun's Mystic Bla  Conj           ###.....     21%         4    ####...
 Force Lance              Conj/Tloc      ##......     47%         4    ####...
 Fulminant Prism          Conj/Hex       ##........   47%         4    ####...


Dungeon Overview and Level Annotations

Branches:
Dungeon (4/15)
 Temple: D:4-7

Altars:

Annotations:
D:4 Menkaure


Message History

The orc priest shouts!
You hear a shout!
The adder hisses angrily.
The orc priest looks satisfied for a moment.
Menkaure calls on the powers of darkness!
The adder convulses!
Your body is wracked with pain!
The hound skeleton completely misses you.
Found 17 gold pieces.
The hound skeleton barely misses you.
You see here a wand of disintegration (9).
Menkaure calls on the powers of darkness!
The adder convulses!
Your body is wracked with pain!
The hound skeleton misses you. The adder misses you. The hound misses you.
The hound bites you. The adder bites you but does no damage.
The hound skeleton misses you. The hound barely misses you.
The orc priest invokes the aid of Beogh against you.
Beogh smites you!
Ouch! That really hurt!
You die...

## ##.# ### #... ##..#
#...####....#
#......#....#
#.........###
#...<.....##
##.@.......#
...###ShZ......#
.........#.......#..#
#. .................#
##
##.##.....##...##....#
#...#....# #..##.o...#
#.....##.###...#....##
......#...###..##...##
.....................#


You could see a hound, an orc priest, an adder and a hound skeleton.

Vanquished Creatures
  2 dart slugs (D:1)
  A ball python (D:1)
  A giant cockroach (D:1)
  3 goblins (D:1)
  A hobgoblin (D:3)
  3 jackals (D:3)
  A quokka (D:2)
  A bat (D:1)
  4 kobolds (D:1)
  A rat (D:1)
18 creatures vanquished.

Notes
Turn   | Place    | Note
-------+----------+-------------------------------------------
     0 | D:1      | Mithandil the Deep Elf Conjurer began the quest for the
                  | Orb.
     0 | D:1      | Reached XP level 1. HP: 10/10 MP: 6/6
   357 | D:1      | Reached XP level 2. HP: 15/15 MP: 6/8
   361 | D:1      | Learned a level 2 spell: Searing Ray
   879 | D:4      | Noticed Menkaure
  1055 | D:4      | Killed from afar by an orc priest

Levels and vault maps discovered:
D:1:      lemuel_arrival_broad_hall, layout_basic, corexii_hall_statues_l,
          chequers_decorated_corner, chequers_serial_rivers_marsh
D:2:      layout_basic, item_on_display_a, uniq_terence, uniq_robin
D:3:      layout_rooms, first_ration, trog_wizard
D:4:      layout_cave_pools, zin_scriptorium, uniq_duvessa, uniq_menkaure,
          uniq_pikel

Action                   || total
-------------------------++-------
Melee: Club              ||     2
 Cast: Magic Dart        ||    34
  Use: Scroll            ||     4
Armor: Robe              ||     1
Dodge: Dodged            ||    12

Table legend:
 A = Non-vault XP
 B = Vault XP
 C = Vault XP percentage of total XP
 D = Non-vault monster count
 E = Vault monster count
 F = Vault count percentage of total count
                 A         B        C        D         E       F
            +---------+---------+-------+---------+---------+-------
      Total |      35 |       0 |   0.0 |      18 |       0 |   0.0
            +---------+---------+-------+---------+---------+-------
        D:1 |      25 |       0 |   0.0 |      13 |       0 |   0.0
        D:2 |       2 |       0 |   0.0 |       1 |       0 |   0.0
        D:3 |       8 |       0 |   0.0 |       4 |       0 |   0.0
            +---------+---------+-------+---------+---------+-------
